 Dungeon Crawl Stone Soup version 0.21-a0-260-g9b2435e (webtiles) character file.

38236 4thArraOfDagon the Bludgeoner (level 14, -7/115 HPs)
             Began as a Human Enchanter on Sept 7, 2017.
             Mangled by an orc warrior
             ... wielding a +1 glaive of pain
              (17 damage)
             ... on level 2 of the Orcish Mines.
             The game lasted 01:14:15 (12785 turns).

4thArraOfDagon the Bludgeoner (Human Enchanter)    Turns: 12785, Time: 01:14:16

Health: -7/115     AC: 31    Str: 15    XL:     14   Next: 33%
Magic:  17/17      EV:  7    Int: 24    God:    Xom [.*....]
Gold:   1272       SH:  0    Dex: 17    Spells: 11/17 levels left

rFire    . . .     SeeInvis .   v - +7 battleaxe (chaos)
rCold    . . .     Gourm    .   (shield currently unavailable)
rNeg     + . .     Faith    .   R - +7 plate armour "Gobbaimo" {rCorr}
rPois    .         Spirit   .   (no helmet)
rElec    .         Reflect  .   n - scarf {cloud immunity}
rCorr    +         Harm     .   i - +2 pair of gloves
MR       +....                  q - +1 pair of boots
Stlth    ..........             (no amulet)
HPRegen  0.69/turn              f - ring of Oqiequc {rN+ Int+5 Stlth+}
MPRegen  0.15/turn              Z - ring of the King {+Blink Str+3 Dex+5 Stlth-}

@: about to teleport
A: molten scales 1, rugged brown scales 2, camouflage 1, clumsy 1, regeneration
1, shaggy fur 1, strong 1, evolution 1
a: Renounce Religion, Evoke Blink


You were on level 2 of the Orcish Mines.
You worshipped Xom.
You were a plaything of Xom.
You were not hungry.

You visited 2 branches of the dungeon, and saw 17 of its levels.
You also visited: Labyrinth, Sewer and Ossuary.

You collected 1272 gold pieces.

Inventory:

Hand Weapons
 v - a +7 battleaxe of chaos (weapon)
 B - a +6 blowgun
 G - a +2 morningstar of protection
Missiles
 t - 11 javelins (quivered)
 u - 5 curare-tipped needles
Armour
 i - a +2 pair of gloves (worn)
 n - a scarf of cloud immunity (worn)
 q - a +1 pair of boots (worn)
 O - a +0 troll leather armour
 R - the +7 plate armour "Gobbaimo" (worn) {rCorr}
   (You found it on level 8 of the Dungeon)

   It protects you from acid and corrosion.
 T - the +2 robe "Bonodotips" {+Blink rN++}
   (You found it in a labyrinth)

   It greatly protects you from negative energy.
   It lets you blink.
Magical Staves
 e - an uncursed staff of conjuration {!a}
 S - an uncursed staff of wizardry {!a}
Jewellery
 f - the ring of Oqiequc (left hand) {rN+ Int+5 Stlth+}
   (You found it in a labyrinth)

   [ring of intelligence]

   It affects your intelligence (+5).
   It protects you from negative energy.
   It makes you more stealthy.
 l - an uncursed ring of protection from magic
 X - an uncursed ring of wizardry
 Z - the ring of the King (right hand) {+Blink Str+3 Dex+5 Stlth-}
   (You found it on level 9 of the Dungeon)

   [ring of loudness]

   It affects your strength (+3).
   It affects your dexterity (+5).
   It lets you blink.
   It makes you less stealthy.
Wands
 a - a wand of iceblast (11/15)
 b - a wand of disintegration (14/24)
 h - a wand of paralysis (15/24)
 k - a wand of polymorph (12/24)
 C - a wand of flame (0/48)
 J - a wand of disintegration (12/24)
 N - a wand of lightning (3/15)
 P - a wand of confusion (15/48)
 U - a wand of disintegration (11/24)
 Y - a wand of iceblast (7/15)
Scrolls
 g - 3 scrolls of amnesia
 j - a scroll of enchant armour {unknown}
 m - a scroll of fear {unknown}
 o - 5 scrolls of fog
 r - 5 scrolls of random uselessness
 s - 5 scrolls of noise
 x - a scroll of acquirement {unknown}
 y - 3 scrolls of immolation
 E - a scroll of blinking {unknown}
 M - 3 scrolls of remove curse
 Q - a scroll of holy word
Potions
 z - 9 potions of flight
 A - a potion of brilliance
 D - a potion of magic
Miscellaneous
 c - a phial of floods (inert)
 L - a lightning rod (4/4)
Comestibles
 d - 8 bread rations
 V - 5 meat rations


   Skills:
 - Level 10.1 Fighting
   Level 4.1 Short Blades
 * Level 4.6(11.8) Axes
 - Level 16.2(16.4) Maces & Flails
 - Level 7.3 Armour
 - Level 5.5 Dodging
 - Level 3.0 Stealth
 - Level 2.0 Spellcasting
 - Level 6.4 Hexes
 - Level 4.0 Evocations


You had 11 spell levels left.
You knew the following spells:

 Your Spells              Type           Power        Failure   Level  Hunger
a - Corona                Hex            ####...      38%         1    #......
c - Confuse               Hex            ####....     77%         3    ###....
d - Passwall              Tmut/Erth      #.........   100%        2    ##.....


Dungeon Overview and Level Annotations

Branches:
Dungeon (15/15)            Temple (0/1) D:4            Lair (0/6) D:9
    Orc (2/2) D:9             Elf (0/3) Orc:2
 Vaults: D:13-14     Depths: D:15

Altars:
Ashenzari
Makhleb
Nemelex Xobeh
Trog
Vehumet
Xom
Zin
The Shining One

Shops:
D:5 =   Orc:2 :[(

Annotations:
D:4 Duvessa; Sigmund
D:7 p0werm0de's ghost, novice MiCK


Innate Abilities, Weirdness & Mutations

You are partially covered in molten scales. (AC +2)
You are mostly covered in rugged brown scales. (AC +2, +5% HP)
Your skin changes colour to match your surroundings (Stealth+).
You are clumsy. (Dex -2)
Your natural rate of healing is unusually fast.
You are covered in fur. (AC +1)
Your muscles are strong. (Str +2)
You evolve.


Message History

You slash the orc high priest!
The orc high priest looks as sick as possible!
The orc high priest is severely wounded.
Your plate armour "Gobbaimo" prevents you from hitting the orc warrior.
The orc warrior hits you with a glaive of pain!!
* * * LOW HITPOINT WARNING * * *
Xom roars with laughter!
Unknown command.
Unknown command.
Unknown command.
The helpless orc high priest fails to defend itself.
You slash the orc high priest!
The orc high priest looks as sick as possible!
The orc high priest's body glows momentarily.
The orc high priest is almost dead.
You hit the orc warrior.
You hear strange and distant voices.
You hit the orc warrior. You burn the orc warrior.
The orc warrior hits you with a glaive of pain!
You die...

* * * ### *#.## *...## ##...#
##o..#***# ##@o†.##*.##
#.)o...#...# ** ###.##.....##* ,*
###.###........#* **
###....#...#......** .*
###..o...O..........,****
.#######..o.............#..*,*,**
...#.##..............#.....,,,,,*
......#..#.................,,*,**


You could see an orc high priest (petrified) and 2 orc warriors.

Vanquished Creatures
  A storm dragon (Lab)
  4 two-headed ogres
  2 centaur warriors
  Sonja (D:14)
  An unseen horror (D:14)
  2 orc knights
  2 deep elf magi (D:10)
  2 orc sorcerers (Orc:2)
  2 ugly things (D:10)
  3 cyclopes
  A manticore (D:9)
  2 gargoyles
  3 kobold demonologists (D:13)
  5 trolls
  2 hornets
  3 meliai (D:11)
  A merfolk (D:11)
  7 slime creatures (D:12)
  5 hippogriffs
  A minotaur skeleton (Lab)
  A meliai zombie (D:14)
  4 redbacks (Lab)
  A wraith (D:12)
  4 wyverns
  8 yaks
  A hog (shapeshifter) (D:3)
  2 hungry ghosts (D:10)
  2 vampire mosquitoes (D:13)
  A warg (Orc:2)
  A soldier ant (D:10)
  A water moccasin (D:10)
  13 orc warriors
  2 eyes of draining
  5 ice beasts
  3 sky beasts
  5 phantoms
  Purgy (Sewer)
  A necrophage (D:10)
  11 ogres
  12 centaurs
  A big kobold (D:13)
  Blork the orc (D:4)
  13 bullfrogs
  A gnoll sergeant (D:8)
  3 scorpions
  2 wyvern skeletons
  5 killer bees
  19 wights
  7 howler monkeys
  13 crimson imps
  3 centaur zombies
  2 quasits
  8 hounds
  5 jellies
  9 orc priests
  2 bullfrog zombies
  A human zombie (Ossuary)
  4 centaur skeletons
  16 orc wizards
  2 bullfrog skeletons
  6 iguanas
  12 worker ants
  A big kobold zombie (Ossuary)
  A killer bee zombie (D:7)
  6 mummies (Ossuary)
  A worker ant zombie (D:9)
  3 gnolls (D:8)
  15 adders
  6 shadow imps
  7 oozes
  2 worms
  A dart slug (D:4)
  9 leopard geckos
  73 orcs
  2 bats
  6 giant cockroaches
  7 goblins
  6 hobgoblins
  15 jackals
  20 kobolds
  11 quokkas
  2 ball pythons
  10 frilled lizards
  2 goblin zombies (Ossuary)
  A hobgoblin zombie (Ossuary)
  A kobold zombie (Ossuary)
  2 orc zombies (Ossuary)
  7 rats
  2 plants (Lab)
483 creatures vanquished.

Vanquished Creatures (collateral kills)
  A gargoyle (D:12)
  A troll (D:12)
  2 yaks (D:12)
  A sky beast (D:5)
  A centaur (D:5)
  An ogre (D:5)
  A bullfrog (D:5)
  A bullfrog skeleton (D:5)
  A jelly (D:11)
  An iguana (D:5)
  A mummy (D:5)
  3 adders
  An adder zombie (D:5)
  A dart slug (D:5)
  A bat (D:4)
18 creatures vanquished.

Vanquished Creatures (others)
  A hippogriff (D:12)
  An orc priest (Orc:2)
  An adder (D:12)
  14 fungi (Orc:2)
  2 plants (Lab)
19 creatures vanquished.

Grand Total: 520 creatures vanquished

Notes
Turn   | Place    | Note
-------+----------+-------------------------------------------
     0 | D:1      | 4thArraOfDagon the Human Enchanter began the quest for the Orb.
     0 | D:1      | Reached XP level 1. HP: 13/13 MP: 3/3
    72 | D:1      | Reached skill level 1 in Fighting
   130 | D:1      | Reached XP level 2. HP: 20/21 MP: 5/5
   151 | D:1      | Learned a level 2 spell: Ensorcelled Hibernation
   271 | D:1      | Reached XP level 3. HP: 9/27 MP: 0/6
   590 | D:2      | Found a shimmering altar of Xom.
   606 | D:2      | Became a worshipper of Xom of Chaos
   717 | D:3      | XOM: divination: magic mapping
   867 | D:3      | XOM: harmless Ice miscast
  1068 | D:1      | XOM: silly message
  1122 | D:2      | XOM: cast spell 'Summon Small Mammal'
  1186 | D:2      | Reached XP level 4. HP: 26/33 MP: 2/7
  1321 | D:2      | XOM: potion effect (brilliance)
  1327 | D:2      | XOM: potion effect (might)
  1560 | D:3      | XOM: harmless Erth miscast
  1666 | D:3      | XOM: smoke on damage
  1667 | D:3      | Reached XP level 5. HP: 19/38 MP: 8/8
  1772 | D:2      | Learned a level 3 spell: Confuse
  1803 | D:2      | XOM: 8-stop teleportation journey
  1874 | D:3      | XOM: cloud trail
  2035 | D:3      | XOM: silly message
  2040 | D:4      | Noticed Blork the orc
  2099 | D:3      | Noticed a swamp drake
  2099 | D:3      | a worker ant changed into a swamp drake
  2099 | D:3      | XOM: polymorph worker ant -> swamp drake
  2102 | D:3      | XOM: confusion
  2103 | D:3      | Noticed a centaur
  2103 | D:3      | a swamp drake changed into a centaur
  2109 | D:3      | XOM: swap monsters
  2113 | D:3      | XOM: confusion
  2114 | D:3      | XOM: cleaving
  2114 | D:3      | Noticed a water moccasin
  2114 | D:3      | a centaur changed into a water moccasin
  2117 | D:3      | Noticed a naga
  2117 | D:3      | a water moccasin changed into a naga
  2117 | D:3      | XOM: polymorph water moccasin -> naga
  2122 | D:3      | Noticed a sky beast
  2122 | D:3      | a naga changed into a sky beast
  2123 | D:3      | Noticed a basilisk
  2123 | D:3      | a sky beast changed into a basilisk
  2125 | D:3      | XOM: enchant monster (good)
  2125 | D:3      | Noticed a hog
  2125 | D:3      | a basilisk changed into a hog
  2126 | D:3      | XOM: confuse monster(s)
  2129 | D:3      | Killed a hog
  2129 | D:3      | Reached XP level 6. HP: 48/48 MP: 4/9
  2175 | D:4      | Noticed a troll
  2188 | D:4      | XOM: harmless Pois miscast
  2198 | D:4      | XOM: noise
  2200 | D:4      | Noticed an ogre
  2200 | D:4      | XOM: divination: detect creatures
  2202 | D:4      | XOM: harmless Ice miscast
  2203 | D:4      | XOM: potion effect (curing)
  2232 | D:4      | Found a bloodstained altar of Trog.
  2253 | D:4      | XOM: cast spell 'Call Canine Familiar'
  2336 | D:4      | Noticed Sigmund
  2463 | D:5      | Entered Level 5 of the Dungeon
  2468 | D:5      | Found a glowing silver altar of Zin.
  2476 | D:5      | Noticed an ogre
  2482 | D:5      | XOM: potion effect (agility)
  2483 | D:5      | XOM: cast spell 'Summon Small Mammal'
  2487 | D:5      | XOM: cast spell 'Summon Small Mammal'
  2494 | D:5      | XOM: divination: detect items
  2499 | D:5      | XOM: smoke on damage
  2507 | D:5      | XOM: silly message
  2518 | D:5      | XOM: summons friendly sixfirhy
  2520 | D:5      | Killed an ogre
  2520 | D:5      | Reached skill level 5 in Fighting
  2520 | D:5      | Reached XP level 7. HP: 26/56 MP: 1/10
  2588 | D:5      | Found a shattered altar of Ashenzari.
  2588 | D:5      | Found a sparkling altar of Nemelex Xobeh.
  2632 | D:5      | Found Meleer's Jewellery Shop.
  2745 | D:5      | Found a sand-covered staircase.
  2756 | Ossuary  | XOM: stealth player
  2756 | Ossuary  | Entered an ossuary
  2825 | Ossuary  | XOM: scenery: 1 doors open, 2 doors close
  2854 | Ossuary  | XOM: enchant monster (good)
  2857 | Ossuary  | Reached skill level 1 in Armour
  2866 | Ossuary  | XOM: enchant monster (good)
  3072 | D:5      | Reached XP level 8. HP: 59/64 MP: 8/11
  3088 | D:5      | Found a glowing drain.
  3114 | Sewer    | Entered a sewer
  3185 | Sewer    | Noticed Purgy
  3187 | Sewer    | XOM: enchant monster (good)
  3191 | Sewer    | Killed Purgy
  3361 | D:5      | XOM: give mutations
  3361 | D:5      | Gained mutation: You are partially covered in molten scales. (AC +2) [Xom's grace]
  3361 | D:5      | Gained mutation: You are covered in fur. (AC +1) [Xom's grace]
  3361 | D:5      | Gained mutation: You have a pair of small antennae on your head. [Xom's grace]
  3361 | D:5      | Gained mutation: You are agile. (Dex +2) [Xom's grace]
  3580 | D:7      | Noticed p0werm0de's ghost (novice MiCK)
  3595 | D:7      | XOM: mild Conj miscast
  3600 | D:7      | XOM: potion effect (berserk rage)
  3611 | D:7      | XOM: polymorph orc warrior -> worm
  3643 | D:7      | Found a burning altar of Makhleb.
  3657 | D:9      | Found a staircase to the Lair.
  3725 | D:9      | XOM: noise
  3746 | D:9      | XOM: confuse monster(s)
  3775 | D:9      | XOM: confuse monster(s)
  3865 | D:7      | Noticed a hippogriff
  3881 | D:7      | XOM: cast spell 'Cause Fear'
  3904 | D:7      | XOM: confuse monster(s)
  3926 | D:7      | Found a radiant altar of Vehumet.
  3936 | D:7      | Reached skill level 5 in Hexes
  4034 | D:6      | XOM: silly message
  4080 | D:6      | XOM: summons 3 hostile shadow creatures
  4097 | D:6      | XOM: smoke on damage
  4226 | D:4      | XOM: butterfly on damage
  4271 | D:4      | XOM: mild Chrm miscast
  4282 | D:4      | Killed Blork the orc
  4289 | D:4      | Found a staircase to the Ecumenical Temple.
  4289 | D:4      | XOM: 3-stop teleportation journey
  4290 | D:4      | Noticed Duvessa
  4373 | D:6      | Reached XP level 9. HP: 69/69 MP: 7/12
  4376 | D:6      | XOM: chaos cloud
  4393 | D:6      | XOM: harmless Chrm miscast
  4430 | D:6      | XOM: chaos cloud
  4436 | D:6      | XOM: give mutations
  4436 | D:6      | Lost mutation: You are agile. (Dex +2) [Xom's mischief]
  4436 | D:6      | Gained mutation: Your body sometimes deteriorates upon taking damage. [Xom's mischief]
  4436 | D:6      | Lost mutation: Your body sometimes deteriorates upon taking damage. [Xom's mischief]
  4457 | D:7      | Reached skill level 1 in Maces & Flails
  4519 | D:6      | Reached skill level 2 in Maces & Flails
  4596 | D:6      | Reached skill level 3 in Maces & Flails
  4699 | D:7      | Reached skill level 4 in Maces & Flails
  4722 | D:7      | XOM: 1-stop teleportation journey
  4728 | D:7      | XOM: give mutations
  4728 | D:7      | Gained mutation: You are partially covered in rugged brown scales. (AC +1, +3% HP) [Xom's mischief]
  4728 | D:7      | Gained mutation: You are clumsy. (Dex -2) [Xom's mischief]
  4733 | D:7      | XOM: enchant monster (bad)
  4740 | D:7      | XOM: noise
  4747 | D:7      | XOM: harmless Necr miscast
  4810 | D:7      | Reached skill level 5 in Maces & Flails
  4931 | D:7      | Killed a hippogriff
  4931 | D:7      | Reached skill level 6 in Maces & Flails
  4938 | D:7      | XOM: harmless Necr miscast
  4998 | D:7      | XOM: confuse monster(s)
  5077 | D:7      | XOM: cast spell 'Ring of Flames'
  5078 | D:7      | XOM: cast spell 'Summon Small Mammal'
  5081 | D:7      | XOM: blink monster(s)
  5086 | D:7      | XOM: blink monster(s)
  5087 | D:7      | Reached skill level 7 in Maces & Flails
  5105 | D:7      | XOM: blink monster(s)
  5111 | D:7      | XOM: harmless Air miscast
  5501 | D:8      | Noticed a centaur warrior
  5536 | D:8      | Killed a centaur warrior
  5536 | D:8      | Reached skill level 9 in Maces & Flails
  5536 | D:8      | Reached XP level 10. HP: 68/78 MP: 11/13
  5671 | D:8      | Got a heavily runed plate armour
  5719 | D:8      | XOM: enchant monster (bad)
  5867 | D:8      | Identified the +7 plate armour "Gobbaimo" {rCorr} (You found it on level 8 of the Dungeon)
  5997 | D:8      | Reached skill level 10 in Maces & Flails
  6130 | D:8      | Gained mutation: You are very clumsy. (Dex -4) [mutagenic meat]
  6131 | D:8      | Lost mutation: You are partially covered in molten scales. (AC +2) [mutagenic meat]
  6132 | D:8      | Lost mutation: You have a pair of small antennae on your head. [mutagenic meat]
  6133 | D:8      | Gained mutation: You are somewhat resistant to further mutation. [mutagenic meat]
  6154 | D:9      | XOM: mild Tloc miscast
  6277 | D:9      | XOM: silly message
  6296 | D:9      | XOM: harmless Fire miscast
  6347 | D:9      | Found a transporter.
  6399 | D:10     | Entered Level 10 of the Dungeon
  6462 | D:10     | XOM: cloud trail
  6556 | D:10     | XOM: enchant monster (good)
  6600 | D:10     | XOM: confuse monster(s)
  6605 | D:10     | XOM: god gift: 49 gold pieces
  6671 | D:10     | XOM: summons 3 friendly demons
  6692 | D:10     | XOM: 1-stop teleportation journey
  6718 | D:10     | XOM: swap monsters
  6926 | D:10     | XOM: fog
  6936 | D:10     | XOM: 4-stop teleportation journey
  6966 | D:10     | Reached skill level 11 in Maces & Flails
  7015 | D:10     | XOM: confuse monster(s)
  7016 | D:10     | Noticed a white ugly thing
  7107 | D:10     | Reached XP level 11. HP: 83/83 MP: 9/14
  7133 | D:11     | XOM: potion effect (brilliance)
  7163 | D:11     | XOM: cast spell 'Call Canine Familiar'
  7187 | D:11     | XOM: harmless Tloc miscast
  7220 | D:11     | Paralysed by a hornet for 3 turns
  7227 | D:11     | Noticed a two-headed ogre
  7233 | D:11     | XOM: potion effect (might)
  7245 | D:11     | Killed a two-headed ogre
  7245 | D:11     | Reached skill level 5 in Armour
  7281 | D:11     | Found a shimmering altar of Xom.
  7282 | D:11     | Noticed a tengu warrior
  7398 | D:10     | Reached skill level 12 in Maces & Flails
  7427 | D:10     | XOM: potion effect (curing)
  7518 | D:10     | Noticed a green ugly thing
  7527 | D:10     | XOM: potion effect (experience)
  7527 | D:10     | Reached skill level 13 in Maces & Flails
  7527 | D:10     | Reached skill level 5 in Dodging
  7527 | D:10     | Reached XP level 12. HP: 90/90 MP: 15/15
  7627 | D:10     | XOM: harmless Hex miscast
  7628 | D:10     | XOM: potion effect (might)
  7665 | D:10     | XOM: potion effect (berserk rage)
  7681 | D:10     | XOM: divination: magic mapping
  7686 | D:10     | Noticed a fire dragon
  7695 | D:10     | XOM: silly message
  7815 | D:10     | XOM: harmless Air miscast
  7841 | D:10     | XOM: harmless Air miscast
  7843 | D:10     | XOM: potion effect (invisibility)
  7854 | D:10     | Reached skill level 14 in Maces & Flails
  7854 | D:10     | Paralysed by fainting for 11 turns
  7981 | D:10     | XOM: divination: magic mapping
  8048 | D:10     | XOM: silly message
  8093 | D:10     | XOM: noise
  8115 | D:10     | XOM: divination: detect creatures
  8118 | D:10     | Noticed an ice dragon
  8118 | D:10     | a fire dragon changed into an ice dragon
  8118 | D:10     | XOM: polymorph fire dragon -> ice dragon
  8120 | D:10     | XOM: 1-stop teleportation journey
  8183 | D:10     | XOM: fog
  8205 | D:10     | XOM: scenery: create altars
  8208 | D:10     | XOM: potion effect (agility)
  8217 | D:10     | XOM: scenery: create altars
  8218 | D:10     | XOM: cast spell 'Monstrous Menagerie'
  8282 | D:10     | XOM: potion effect (might)
  8324 | D:10     | XOM: scenery: create altars
  8328 | D:10     | XOM: summons 6 friendly demons
  8363 | D:10     | Identified the Papyrus of Feathery Transmigration
  8414 | D:11     | XOM: potion effect (magic)
  8428 | D:11     | XOM: summons 11 friendly demons
  8439 | D:11     | XOM: summons friendly iron imp
  8450 | D:11     | XOM: confuse monster(s)
  8457 | D:11     | a tengu warrior changed into a merfolk
  8457 | D:11     | XOM: polymorph tengu warrior -> merfolk
  8458 | D:11     | XOM: enchant monster (good)
  8552 | D:11     | Noticed a two-headed ogre
  8553 | D:11     | XOM: cleaving
  8561 | D:11     | XOM: summons 3 friendly demons
  8575 | D:11     | Killed a two-headed ogre
  8607 | D:11     | Found a glowing golden altar of the Shining One.
  8607 | D:11     | XOM: 4-stop teleportation journey
  8646 | D:11     | XOM: 6-stop teleportation journey
  8714 | D:11     | Found a bloodstained altar of Trog.
  8748 | D:11     | XOM: fog
  8750 | D:11     | XOM: summons friendly ufetubus
  8751 | D:11     | XOM: summons 2 friendly demons
  8768 | D:11     | HP: 3/93 [meliai/war axe (10)]
  8770 | D:11     | XOM: swap monsters
  8771 | D:11     | Xom revived you
  8903 | D:10     | XOM: potion effect (haste)
  8907 | D:10     | XOM: cast spell 'Olgreb's Toxic Radiance'
  8911 | D:10     | Reached XP level 13. HP: 81/99 MP: 16/16
  8968 | D:11     | XOM: cloud trail
  8979 | D:11     | XOM: confuse monster(s)
  8988 | D:11     | XOM: medium Tmut miscast
  9009 | D:11     | XOM: harmless Fire miscast
  9014 | D:11     | XOM: divination: detect items
  9060 | D:11     | XOM: enchant monster (bad)
  9064 | D:11     | XOM: cast spell 'Statue Form'
  9073 | D:11     | XOM: potion effect (curing)
  9077 | D:11     | XOM: summons friendly iron imp
  9243 | D:12     | XOM: enchant monster (good)
  9286 | D:12     | XOM: summons 5 friendly demons
  9291 | D:12     | XOM: summons 8 friendly demons
  9305 | D:12     | Reached skill level 15 in Maces & Flails
  9346 | D:12     | XOM: confuse monster(s)
  9417 | D:12     | XOM: divination: detect items
  9606 | D:12     | XOM: enchant monster (bad)
  9738 | D:12     | Found a shimmering altar of Xom.
  9773 | D:12     | XOM: divine lightning
  9879 | D:12     | XOM: harmless Pois miscast
  9881 | D:12     | XOM: 3-stop teleportation journey
  9888 | D:12     | XOM: give mutations
  9888 | D:12     | Gained mutation: Your skin changes colour to match your surroundings (Stealth+). [Xom's mischief]
  9888 | D:12     | Lost mutation: You are somewhat resistant to further mutation. [Xom's mischief]
  9888 | D:12     | Gained mutation: You evolve. [Xom's mischief]
  9890 | D:12     | XOM: cast spell 'Summon Hydra'
 10037 | D:13     | XOM: noise
 10039 | D:13     | Noticed a centaur warrior
 10057 | D:13     | Killed a centaur warrior
 10060 | D:13     | XOM: confusion (+ monsters)
 10070 | D:13     | XOM: mild Chrm miscast
 10168 | D:13     | XOM: potion effect (heal wounds)
 10175 | D:13     | XOM: divination: detect items
 10232 | D:13     | XOM: cast spell 'Summon Small Mammal'
 10253 | D:13     | XOM: confuse monster(s)
 10299 | D:13     | XOM: 11-stop teleportation journey
 10302 | D:13     | XOM: 1-stop teleportation journey
 10504 | D:13     | XOM: confusion (+ monsters)
 10506 | D:13     | XOM: cleaving
 10517 | D:13     | XOM: blink monster(s)
 10584 | D:13     | Reached skill level 16 in Maces & Flails
 10758 | D:14     | Noticed Sonja
 10775 | D:14     | Killed Sonja
 10984 | D:14     | Gained mutation: You are partially covered in molten scales. (AC +2) [evolution]
 11091 | D:15     | Entered Level 15 of the Dungeon
 11140 | D:15     | Noticed a centaur warrior
 11449 | D:9      | Found a transporter.
 11485 | D:9      | Gained mutation: Your natural rate of healing is unusually fast. [mutagenic meat]
 11486 | D:9      | Gained mutation: Your muscles are strong. (Str +2) [mutagenic meat]
 11488 | D:9      | Lost mutation: You are very clumsy. (Dex -4) [mutagenic meat]
 11489 | D:9      | Gained mutation: You are mostly covered in rugged brown scales. (AC +2, +5% HP) [mutagenic meat]
 11504 | D:9      | XOM: blink monster(s)
 11543 | D:9      | Identified the ring of the King {+Blink Str+3 Dex+5 Stlth-} (You found it on level 9 of the Dungeon)
 11554 | D:9      | XOM: summons 6 hostile demons
 11563 | D:9      | Reached skill level 10 in Fighting
 11604 | D:9      | Reached XP level 14. HP: 90/115 MP: 17/17
 11649 | D:9      | Identified the Almanac of the Unholy Volcanoes
 11654 | D:9      | Learned a level 2 spell: Passwall
 11773 | D:9      | Found a staircase to the Orcish Mines.
 11811 | Orc:1    | Entered Level 1 of the Orcish Mines
 11837 | Orc:1    | Reached skill level 1 in Evocations
 11869 | Orc:1    | XOM: harmless Ice miscast
 11871 | Orc:1    | XOM: cast spell 'Alistair's Intoxication'
 11890 | D:9      | XOM: silly message
 11902 | D:9      | XOM: potion effect (might)
 11903 | D:9      | XOM: harmless Conj miscast
 11957 | Orc:1    | XOM: noise
 11959 | D:9      | XOM: chaos upgrade
 11971 | D:9      | XOM: noise
 12003 | Orc:2    | Entered Level 2 of the Orcish Mines
 12003 | Orc:2    | Found Zuras's Antique Armour Shop.
 12003 | Orc:2    | Noticed an orc warlord
 12055 | Orc:2    | XOM: enchant monster (good)
 12071 | Orc:2    | Reached skill level 1 in Axes
 12073 | Orc:2    | XOM: enchant monster (good)
 12116 | Orc:2    | Found Kaukeutz's Antique Weapon Emporium.
 12136 | Orc:2    | HP: 3/115 [smoke demon/divine providence[an orc high priest] (11)]
 12137 | Orc:2    | Found Xekli's Book Shop.
 12160 | Orc:2    | Found a labyrinth entrance.
 12164 | Lab      | Entered a labyrinth
 12252 | Lab      | XOM: harmless Hex miscast
 12369 | Lab      | XOM: mild Air miscast
 12646 | Lab      | Noticed a storm dragon
 12646 | Lab      | a minotaur changed into a storm dragon
 12646 | Lab      | XOM: polymorph minotaur -> storm dragon
 12653 | Lab      | XOM: butterfly on damage
 12671 | Lab      | XOM: scenery: create altars
 12677 | Lab      | Killed a storm dragon
 12696 | Lab      | Got a pitted lapis lazuli ring
 12697 | Lab      | Got a steaming robe
 12708 | Lab      | Identified the ring of Oqiequc {rN+ Int+5 Stlth+} (You found it in a labyrinth)
 12719 | Lab      | Identified the +2 robe "Bonodotips" {+Blink rN++} (You found it in a labyrinth)
 12785 | Orc:2    | Mangled by an orc warrior

Vault maps used:
D:1:      evilmike_arrival_sounds_zot, hex_intersection
D:2:      nicolae_overflow_crystal_walls
D:3:      wad_rectangle_vault
D:4:      minmay_temple_entry_from_below_a, bloody_trog, uniq_duvessa,
          uniq_sigmund, uniq_blork_the_orc
D:5:      zin_academy, chequers_temple_overflow_statue_of_worship,
          gup_ossuary_entry_pyramid, serial_shops, shop_statue,
          gup_sewer_entry_glass, first_bread
D:6:      minivault_5
D:7:      grunt_temple_overflow_lords_of_destruction
D:8:      hangedman_little_slice_of_home
D:9:      gammafunk_the_bubble, hiddenorc2_lemuel
D:10:     hangedman_cross_cluster
D:11:     basic_altar, hangedman_feature_mirror
D:12:     basic_altar
D:13:     hangedman_vaults_entry_quadrant_bands, serial_shops, shop
D:14:     hangedman_abyss_or_decor_passed, uniq_sonja
D:15:     hangedman_depths_entry_civil_slaughter, minmay_misc_feat_tiny
Orc:1:    nicolae_orc_lava_tube, mines_bat_river
Orc:2:    grunt_orc_gardens, grunt_orc_garden, grunt_orc_garden,
          grunt_orc_garden, grunt_orc_garden, lab_entry_generic
Lab:      labyrinth_watery, nicolae_lab_garden, nicolae_lab_diamond,
          nicolae_lab_checkerboard, nicolae_lab_hexagon
Sewer:    sewer_the_crocodile
Ossuary:  ossuary_crypta

Skill      XL: |  1  2  3  4  5  6  7  8  9 10 11 12 13 14 |
---------------+-------------------------------------------+-----
Fighting       | 1 2 4 5 6 7 10 | 10.1
Short Blades   | 2 3 4 |  4.1
Armour         | 2 3 4 7 |  7.3
Dodging        | 3 5 |  5.5
Hexes          | 6 |  6.4
Maces & Flails | 9 11 13 14 16 | 16.2
Evocations     | 4 |  4.0
Axes           | 4 |  4.6
Stealth        | |  3.0
Spellcasting   | |  2.0

Action                   |  1- 3 |  4- 6 |  7- 9 | 10-12 | 13-15 || total
-------------------------+-------+-------+-------+-------+-------++-------
Melee: Dagger            |   127 |   166 |   255 |    25 |       ||   573
       Mace              |       |       |   131 |       |       ||   131
       Morningstar       |       |       |   154 |   607 |   740 ||  1501
       Battleaxe         |       |       |       |       |    92 ||    92
Throw: Stone             |     5 |       |       |       |       ||     5
 Cast: Corona            |     3 |     1 |       |       |       ||     4
       Ensorcelled Hiber |     9 |    32 |    46 |    16 |       ||   103
       Confuse           |       |       |    12 |    16 |     3 ||    31
Evoke: Wand              |       |       |     2 |    17 |    14 ||    33
       Phial of floods   |       |       |       |       |     1 ||     1
       Phantom mirror    |       |       |       |       |     1 ||     1
  Use: Potion            |       |     5 |     1 |     9 |    10 ||    25
       Scroll            |       |     5 |    15 |     5 |    15 ||    40
 Stab: Sleeping          |     8 |    15 |    28 |     8 |     6 ||    65
       Confused          |       |     1 |     5 |     8 |     3 ||    17
       Distracted        |       |       |     1 |     1 |       ||     2
       Petrified         |       |       |     1 |       |     2 ||     3
       Paralysed         |       |       |     2 |       |       ||     2
       Invisible         |       |       |       |       |     9 ||     9
       Petrifying        |       |       |       |       |     1 ||     1
  Eat: Chunk             |     1 |     6 |     8 |    14 |     8 ||    37
       Royal jelly       |       |     1 |     2 |     4 |     6 ||    13
       Fruit             |       |       |     4 |     1 |       ||     5
       Bread ration      |       |       |       |     1 |       ||     1
Armor: Robe              |    15 |    33 |   248 |    36 |       ||   332
       Skin              |       |    42 |       |       |    20 ||    62
       Plate armour      |       |       |       |   171 |    20 ||   191
       Troll leather arm |       |       |       |   165 |   317 ||   482
Dodge: Dodged            |    77 |   112 |   415 |   337 |   512 ||  1453

Table legend:
 A = Spawn XP
 B = Non-spawn XP
 C = Spawn XP percentage of total XP
 D = Spawn monster count
 E = Non-spawn monster count
 F = Spawn count percentage of total count
 G = Total turns spent on level
                    A         B        C        D         E        F      G
               +---------+---------+-------+---------+---------+-------+---------
         Total |       0 |   45646 |   0.0 |       0 |     501 |   0.0 | 12785
               +---------+---------+-------+---------+---------+-------+---------
           D:1 |       0 |      34 |   0.0 |       0 |      18 |   0.0 |   643
           D:2 |       0 |      88 |   0.0 |       0 |      21 |   0.0 |   551
           D:3 |       0 |     289 |   0.0 |       0 |      30 |   0.0 |  1049
           D:4 |       0 |     258 |   0.0 |       0 |      10 |   0.0 |   325
           D:5 |       0 |     415 |   0.0 |       0 |      18 |   0.0 |   543
           D:6 |       0 |     420 |   0.0 |       0 |      27 |   0.0 |   865
           D:7 |       0 |    1685 |   0.0 |       0 |      38 |   0.0 |   834
           D:8 |       0 |    2240 |   0.0 |       0 |      40 |   0.0 |   759
           D:9 |       0 |    3833 |   0.0 |       0 |      57 |   0.0 |   958
          D:10 |       0 |    7793 |   0.0 |       0 |      51 |   0.0 |  1976
          D:11 |       0 |    5832 |   0.0 |       0 |      49 |   0.0 |   790
          D:12 |       0 |    5138 |   0.0 |       0 |      29 |   0.0 |   971
          D:13 |       0 |    7635 |   0.0 |       0 |      47 |   0.0 |   801
          D:14 |       0 |    2553 |   0.0 |       0 |       9 |   0.0 |   442
         Orc:1 |       0 |     446 |   0.0 |       0 |      11 |   0.0 |   122
         Orc:2 |       0 |    3410 |   0.0 |       0 |      19 |   0.0 |   148
           Lab |       0 |    3260 |   0.0 |       0 |       7 |   0.0 |   603
         Sewer |       0 |     132 |   0.0 |       0 |       6 |   0.0 |   122
       Ossuary |       0 |     185 |   0.0 |       0 |      14 |   0.0 |   279
               +---------+---------+-------+---------+---------+-------+---------
